 Dungeon Crawl Stone Soup version 0.30-b1-2-g02819fbbbe (webtiles) character file.

Game seed: 13468290442276260814

2024 Chingon the Cleaver (level 9, -5/70 HPs)
             Began as a Minotaur Fighter on May 21, 2023.
             Was a Believer of Okawaru.
             Slain by a sixfirhy (8 damage)
             ... summoned by a kobold demonologist
             ... on level 7 of the Dungeon.
             The game lasted 00:06:08 (5823 turns).

Chingon the Cleaver (Minotaur Fighter)              Turns: 5823, Time: 00:06:09

Health: -5/70      AC: 11    Str: 24    XL:     9   Next: 3%
Magic:  10/12      EV: 12    Int:  5    God:    Okawaru [**....]
Gold:   455        SH:  6    Dex: 17    Spells: 8/8 levels left

rFire   . . .        a - +0 war axe
rCold   . . .        c - +0 buckler
rNeg    . . .        b - +0 scale mail
rPois   +            (helmet restricted)
rElec   .            h - scarf {repulsion}
rCorr   .            I - +0 pair of gloves
SInv    .            q - +0 pair of boots
Will    .....        K - amulet of regeneration
Stlth   ++           v - +6 ring of dexterity
HPRegen 1.11/turn    w - ring of poison resistance
MPRegen 0.13/turn

%: repel missiles
@: mighty, heroic
A: horns 2, retaliatory headbutt
a: Renounce Religion, Heroism


You were on level 7 of the Dungeon.
You worshipped Okawaru.
Okawaru was pleased with you.
You visited 2 branches of the dungeon, and saw 8 of its levels.

You collected 455 gold pieces.

Inventory:

Hand Weapons
 a - a +0 war axe (weapon)
 B - a +0 morningstar
Missiles
 J - a throwing net (quivered)
Armour
 b - a +0 scale mail (worn)
 c - a +0 buckler (worn)
 h - a scarf of repulsion (worn)
 q - a +0 pair of boots (worn)
 I - a +0 pair of gloves (worn)
Jewellery
 f - a ring of magical power
 v - a +6 ring of dexterity (left hand)
 w - a ring of poison resistance (right hand)
 x - a ring of protection from fire
 G - an amulet of faith
 K - an amulet of regeneration (around neck)
Wands
 u - a wand of digging (1)
Scrolls
 e - a scroll of silence {unknown}
 g - 2 scrolls of magic mapping {unknown}
 k - 3 scrolls of teleportation {unknown}
 m - a scroll of enchant weapon {unknown}
 n - 4 scrolls of blinking {unknown}
 p - 8 scrolls of identify {unknown}
 r - a scroll of summoning {unknown}
 s - a scroll of fog {unknown}
 y - a scroll of fear {unknown}
 z - a scroll of immolation {unknown}
 C - a scroll of acquirement {unknown}
 H - a scroll of noise {unknown}
Potions
 d - a potion of might
 i - a potion of ambrosia {unknown}
 j - 3 potions of curing {unknown}
 l - a potion of berserk rage {unknown}
 o - a potion of invisibility {unknown}
 t - 3 potions of haste {unknown}
 A - a potion of degeneration {unknown}
 D - a potion of flight {unknown}
 E - a potion of heal wounds {unknown}
 F - a potion of attraction {unknown}


   Skills:
 - Level 3.6(8.6) Fighting
 + Level 12.1(17.1) Axes
 - Level 3.6(8.6) Armour
 - Level 3.6(8.6) Shields
 + Level 6.1 Invocations


You had 8 spell levels left.
You didn't know any spells.
Your spell library contained the following spells:

 Spells                   Type           Power      Damage    Failure   Level
 Apportation              Tloc           0%         N/A       78%         1
 Magic Dart               Conj           0%         1d3       78%         1
 Necrotise                Necr           0%         1d4       78%         1
 Shock                    Conj/Air       0%         1d3       78%         1
 Sting                    Tmut/Pois      0%         1d3       78%         1
 Ensorcelled Hibernation  Hex/Ice        0%         N/A       89%         2
 Lesser Beckoning         Tloc           0%         N/A       89%         2
 Passwall                 Tmut/Erth      0%         N/A       89%         2
 Poisonous Vapours        Pois/Air       0%         N/A       89%         2
 Dazzling Flash           Conj/Hex       0%         N/A       98%         3
 Gell's Gravitas          Tloc           0%         N/A       98%         3
 Hailstorm                Conj/Ice       0%         3d3       98%         3
 Mephitic Cloud           Conj/Pois/Air  0%         N/A       98%         3
 Swiftness                Air            0%         N/A       98%         3
 Teleport Other           Tloc           0%         N/A       98%         3
 Volatile Blastmotes      Fire/Tloc      0%         2d10      98%         3
 Airstrike                Air            0%         2d(0-16)  100%        4
 Ice Form                 Ice/Tmut       0%         N/A       100%        4
 Iskenderun's Mystic Bla  Conj/Tloc      0%         2d3       100%        4
 Olgreb's Toxic Radiance  Pois           0%         N/A       100%        4
 Starburst                Conj/Fire      0%         6d3       100%        6
 Ozocubu's Refrigeration  Ice            0%         4d7       100%        7
 Polar Vortex             Ice            0%         N/A       100%        9
 Summon Small Mammal      Summ           Unusable   N/A       N/A         1
 Call Imp                 Summ           Unusable   N/A       N/A         2
 Simulacrum               Ice/Necr       Unusable   N/A       N/A         6

Dungeon Overview and Level Annotations

Branches:
Dungeon (7/15)             Temple (1/1) D:4

Altars:
Ashenzari
Cheibriados
Dithmenos
Fedhas
Gozag
Hepliaklqana
Makhleb
Nemelex Xobeh
Okawaru
Qazlal
Ru
Sif Muna
Uskayaw
Vehumet
Xom
Yredelemnul
Zin
The Shining One


Innate Abilities, Weirdness & Mutations

You have a pair of horns on your head.
You reflexively headbutt those who attack you in melee.


Message History

The sixfirhy shocks you!
* * * LOW HITPOINT WARNING * * *
The sixfirhy hits you but does no damage.
A gnoll comes into view. It is wielding a +0 flail.
The steam dragon barely misses you. You furiously retaliate!
You headbutt the steam dragon! You block the steam dragon's attack.
You gain the combat prowess of a mighty hero.
The sixfirhy hits you.
* * * LOW HITPOINT WARNING * * *
The sixfirhy shocks you!
* * * LOW HITPOINT WARNING * * *
The sixfirhy hits you but does no damage.
A gnoll comes into view. It is wielding a +0 flail.
The kobold demonologist gestures wildly while chanting.
The steam dragon bites you but does no damage.
The steam dragon closely misses you.
You feel very mighty all of a sudden. The steam dragon breathes steam at you.
The ball of steam hits you!
* * * LOW HITPOINT WARNING * * *
A sky beast appears from thin air!
Reactivating autopickup.
You hear a shout!
The sixfirhy attacks as you move away! You block the sixfirhy's attack.
The crimson imp blinks!
You block the steam dragon's attack.
The steam dragon claws you but does no damage.
Things that are here:
a +0 hand axe; a +1 leather armour of fire resistance; an orc corpse Unknown command.
You hit the steam dragon.
The steam dragon is heavily wounded.
You miss the sixfirhy.
You are engulfed in a cloud of scalding steam.
The sixfirhy is engulfed in a cloud of scalding steam.
The sixfirhy completely misses you.
The sixfirhy is engulfed in a cloud of scalding steam.
You block the sixfirhy's attack.
The sixfirhy is engulfed in a cloud of scalding steam.
The sixfirhy hits you!
You die...

....#.# #.# .# #.
....#.# #.# .# ..#
##..#.# #.# .# . .g.
..[...# #.####.###.
###.# #....###.##.......
#...gY#.................
#....c#......#.#........
....5YD§3§##.#.#........
#...5K#@§.#....#........
#.... #................#
###. ###.###.....#..#.#
.. .....#.....#..#.# #.
#.#.#.#.....##.#.# .
....#.............# ⌠.#
# #.#......#.#.# ...
..#......#.... .#
#...........


You could see a sixfirhy (summoned), a steam dragon (catching breath), 2 sky
beasts, a centaur, 2 gnolls and a white imp (summoned).

Vanquished Creatures
  Sigmund (D:3)
  3 water moccasins
  2 ogres
  A phantom (D:6)
  A bullfrog (D:6)
  A gnoll sergeant (D:7)
  4 scorpions
  3 wights (D:6)
  2 jellies (D:5)
  A gnoll bouda (D:6)
  2 orc priests (D:5)
  2 hounds
  Natasha (thrice) (D:3)
  3 iguanas
  3 orc wizards
  13 adders
  12 gnolls
  2 white imps
  2 worms
  2 dart slugs (D:1)
  13 orcs
  7 ball pythons
  4 bats
  5 endoplasms
  2 giant cockroaches
  10 goblins
  10 hobgoblins
  6 jackals
  6 quokkas
  A frilled lizard (D:3)
  4 kobolds
  3 rats
134 creatures vanquished.

Vanquished Creatures (others)
  A fungus (D:3)
  15 plants (D:2)
  6 toadstools (D:2)
22 creatures vanquished.

Grand Total: 156 creatures vanquished

Notes
Turn   | Place    | Note
-------+----------+-------------------------------------------
     0 | D:1      | Chingon the Minotaur Fighter began the quest for the Orb.
     0 | D:1      | Reached XP level 1. HP: 19/19 MP: 0/0
   236 | D:1      | Reached skill level 3 in Axes
   249 | D:1      | Reached XP level 2. HP: 26/26 MP: 1/1
   420 | D:1      | Reached skill level 4 in Axes
   470 | D:1      | Reached XP level 3. HP: 21/31 MP: 2/2
  1085 | D:2      | Reached skill level 5 in Axes
  1221 | D:2      | Reached XP level 4. HP: 37/39 MP: 3/3
  1983 | D:3      | Noticed Natasha
  1991 | D:3      | Killed Natasha
  1992 | D:3      | Reached skill level 6 in Axes
  2012 | D:3      | Noticed Natasha
  2021 | D:3      | Killed Natasha
  2022 | D:3      | Reached XP level 5. HP: 24/45 MP: 4/4
  2160 | D:3      | Noticed Natasha
  2164 | D:3      | Killed Natasha
  2165 | D:3      | Reached skill level 7 in Axes
  2323 | D:3      | Found a faded altar of an unknown god.
  2424 | D:3      | Noticed Sigmund
  2447 | D:3      | Killed Sigmund
  2448 | D:3      | Reached skill level 8 in Axes
  2448 | D:3      | Reached XP level 6. HP: 25/51 MP: 5/5
  2764 | D:4      | Reached skill level 9 in Axes
  2775 | D:4      | Reached XP level 7. HP: 54/57 MP: 6/6
  2986 | D:4      | Found a shadowy altar of Dithmenos.
  3237 | D:4      | Found a staircase to the Ecumenical Temple.
  3260 | Temple   | Entered the Ecumenical Temple
  3276 | Temple   | Became a worshipper of Warmaster Okawaru
  3652 | D:4      | Found a hazy altar of Hepliaklqana.
  3653 | D:4      | Found a shimmering altar of Xom.
  3654 | D:4      | Noticed a spectral ugly thing
  3725 | D:5      | Entered Level 5 of the Dungeon
  3771 | D:5      | Reached skill level 1 in Invocations
  3801 | D:5      | Reached skill level 10 in Axes
  4243 | D:5      | Found a hide-covered altar of Uskayaw.
  4372 | D:5      | Found a stormy altar of Qazlal.
  4476 | D:5      | Reached XP level 8. HP: 54/64 MP: 9/9
  4796 | D:6      | Reached * piety under Okawaru
  4797 | D:6      | Reached skill level 11 in Axes
  5239 | D:6      | Reached skill level 5 in Invocations
  5712 | D:7      | Reached skill level 12 in Axes
  5716 | D:7      | Reached ** piety under Okawaru
  5717 | D:7      | Reached XP level 9. HP: 43/70 MP: 12/12
  5812 | D:7      | Noticed a kobold demonologist
  5818 | D:7      | Noticed a sixfirhy
  5821 | D:7      | HP: 1/70 [steam dragon/ball of steam (7)]
  5823 | D:7      | Slain by a sixfirhy

Illustrated notes

Levels and vault maps discovered:
D:1:      minmay_arrival_shattered_statue, layout_loops_ring, dk_noncrumbling_4,
          nrook_mini_backslash, minmay_pentomino_q4
D:2:      layout_basic, serial_rivers, chequers_serial_rivers_room_a,
          chequers_serial_rivers_marsh, chequers_serial_rivers_large_a,
          chequers_serial_rivers_small_3, chequers_serial_rivers_small_a,
          chequers_serial_rivers_micro_c, minmay_gold_behind_fungi,
          amcnicky_mini_pool_small, minmay_misc_feat_roman, st_stairs_1,
          kennysheep_nondescript, serial_bayou_lagoon_a
D:3:      layout_basic, shapermc_ecumenical_altar_mp_urbaneastern,
          supply_closet_lemuel, mrwooster_statue_mirror, uniq_natasha,
          uniq_sigmund
D:4:      layout_loops_cross, regret_index_temple_of_mockery,
          nicolae_dithmenos_shadow_blocks, minmay_temple_entry_waves
D:5:      layout_basic, mainiacjoe_overflow_alcove_2, kennysheep_little_box
D:6:      layout_rooms
D:7:      layout_basic, old_standard_altar, mainiacjoe_overflow_paths,
          serial_bayou_pond_c, minmay_chambers_of_fives
Temple:   nicolae_temple_bog_church

Skill      XL: |  1  2  3  4  5  6  7  8 |
---------------+-------------------------+-----
Axes           | 3 4 5 6 8 9 10 12 | 12.1
Invocations    | 3 6 |  6.1
Fighting       | |  3.6
Armour         | |  3.6
Shields        | |  3.6

Action                     |  1- 3 |  4- 6 |  7- 9 || total
---------------------------+-------+-------+-------++-------
  Melee: War axe           |    82 |   101 |   201 ||   384
         Headbutt          |    11 |    11 |    33 ||    55
 Invoke: Heroism           |       |       |     1 ||     1
    Use: Potion            |       |       |     1 ||     1
 Armour: Scale mail        |    48 |    31 |    77 ||   156
  Dodge: Dodged            |    45 |    36 |    68 ||   149
         Repelled          |       |       |     3 ||     3
  Block: Buckler           |    13 |    16 |    44 ||    73
